 Dungeon Crawl Stone Soup version 0.20.0-4-g10b340a (webtiles) character file.

183 Exaltedone87 the Skirmisher (level 5, -1/42 HPs)
             Began as a Demonspawn Fighter on May 27, 2017.
             Slain by a worker ant (3 damage)
             ... on level 3 of the Dungeon.
             The game lasted 00:02:58 (2424 turns).

Exaltedone87 the Skirmisher (Demonspawn Fighter)    Turns: 2424, Time: 00:02:59

Health: -1/42      AC:  6    Str: 17    XL:     5   Next: 35%
Magic:  5/5        EV:  7    Int:  9    God:
Gold:   101        SH: 13    Dex: 13    Spells: 4/4 levels left

rFire    . . .     SeeInvis .   a - +0 war axe
rCold    . . .     Gourm    .   c - +0 shield
rNeg     . . .     Faith    .   b - +0 scale mail
rPois    .         Spirit   .   (no helmet)
rElec    .         Reflect  .   (no cloak)
rCorr    .         Harm     .   (no gloves)
MR       .....                  (no boots)
Stlth    ..........             (no amulet)
Regen    0.2/turn               (no ring)
MPRegen  0.1/turn               (no ring)

@: lethally poisoned (-1 -> -2)
A: claws 1, large bone plates 1
a: no special abilities


You were on level 3 of the Dungeon.
You were not hungry.

You visited 1 branch of the dungeon, and saw 3 of its levels.

You collected 101 gold pieces.

Inventory:

Hand Weapons
 a - a +0 war axe (weapon)
Armour
 b - a +0 scale mail (worn)
 c - a +0 shield (worn)
Scrolls
 g - a scroll of blinking {unknown}
 h - a scroll of enchant armour {unknown}
 i - 4 scrolls of identify {unknown}
 k - a scroll of teleportation {unknown}
Potions
 d - a potion of might
 e - a potion of lignification {unknown}
 j - a potion of curing {unknown}
Comestibles
 f - 3 bread rations
 l - 6 fruits
 m - a royal jelly


   Skills:
 + Level 3.8 Fighting
 * Level 3.1 Axes
 + Level 3.3 Armour
 + Level 1.1 Dodging
 + Level 3.4 Shields


You had 4 spell levels left.
You didn't know any spells.

Dungeon Overview and Level Annotations

Branches:
Dungeon (3/15)

Altars:
Cheibriados
Dithmenos
Okawaru


Innate Abilities, Weirdness & Mutations

You have sharp fingernails.
You are partially covered in large bone plates. (SH +4)


Message History

Unknown command.
You slash the goblin!
You kill the goblin!
You slash the worker ant!
You feel sick.
The worker ant bites you but does no damage. x2
You closely miss the worker ant.
The worker ant is almost dead.
The worker ant bites you but does no damage.
The worker ant bites you.
* * * LOW HITPOINT WARNING * * *
Your shield and scale mail prevent you from hitting the worker ant.
The worker ant is almost dead.
The worker ant bites you.
* * * LOW HITPOINT WARNING * * *
Unknown command.
You barely miss the worker ant.
The worker ant is almost dead.
* * * LOW HITPOINT WARNING * * *
You feel sick. The worker ant bites you.
You die...

.####.###.###.######
.# #.###.#...# ##
#####.....#.#.# ..
.....######.#####.#
(<................#
####.########..#### #
#...........## ###.# #
##########...###......
.. #...@a....... ###
###)####..... #((# ...
#.$.........# #
#...........#
#...........#
#......$..g...
#..............
#..............


You could see a worker ant.

Vanquished Creatures
  A centaur (D:3)
  2 adders (D:2)
  2 worms
  7 dart slugs
  4 leopard geckos
  2 ball pythons
  7 bats
  4 giant cockroaches
  9 goblins
  6 hobgoblins
  A quokka (D:2)
  5 frilled lizards
  8 kobolds
  7 rats
65 creatures vanquished.

Notes
Turn   | Place    | Note
-------+----------+-------------------------------------------
     0 | D:1      | Exaltedone87 the Demonspawn Fighter began the quest for the Orb.
     0 | D:1      | Reached XP level 1. HP: 18/18 MP: 1/1
   284 | D:1      | Gained mutation: You have sharp fingernails. [demonic ancestry]
   284 | D:1      | Reached XP level 2. HP: 24/24 MP: 2/2
   617 | D:1      | Reached XP level 3. HP: 29/29 MP: 3/3
  1612 | D:2      | Gained mutation: You are partially covered in large bone plates. (SH +4) [demonic ancestry]
  1612 | D:2      | Reached XP level 4. HP: 35/35 MP: 4/4
  1626 | D:2      | Found an iron altar of Okawaru.
  2083 | D:2      | Found a shadowy altar of Dithmenos.
  2086 | D:2      | Found a snail-covered altar of Cheibriados.
  2391 | D:3      | Noticed a centaur
  2407 | D:3      | Killed a centaur
  2407 | D:3      | Reached skill level 1 in Dodging
  2407 | D:3      | Reached XP level 5. HP: 18/42 MP: 5/5
  2424 | D:3      | HP: 2/42 [poisoned by a worker ant]
  2424 | D:3      | Slain by a worker ant

Skill      XL: |  1  2  3  4 |
---------------+-------------+-----
Armour         | 3 |  3.3
Axes           | 2 3 |  3.1
Shields        | 3 |  3.4
Dodging        | 1 |  1.1
Fighting       | |  3.8

Action                   |  1- 3 |  4- 6 || total
-------------------------+-------+-------++-------
Melee: War axe           |   138 |    91 ||   229
  Eat: Chunk             |     2 |     3 ||     5
Armor: Scale mail        |    72 |    32 ||   104
Dodge: Dodged            |    43 |    27 ||    70
Block: Shield            |    84 |    67 ||   151
